 Dungeon Crawl Stone Soup version 0.26.1-11-gd32895ea62 (webtiles) character file.

Game seed: 7649731914763086378

6805 Tirrikindir the Carver (level 11, -5/72 HPs)
             Began as an Octopode Fighter on May 24, 2021.
             Was an Initiate of Gozag.
             Slain by an orc warrior
             ... wielding a +2 vampiric glaive
              (24 damage)
             ... on level 9 of the Dungeon.
             The game lasted 00:26:50 (8947 turns).

Tirrikindir the Carver (Octopode Fighter)           Turns: 8947, Time: 00:26:51

Health: -5/72      AC:  1    Str: 18    XL:     11   Next: 5%
Magic:  11/11      EV: 16    Int: 12    God:    Gozag
Gold:   1143       SH: 11    Dex: 15    Spells: 10/10 levels left

rFire    . . .     SeeInvis .   u - +1 scimitar (curse)
rCold    + . .     Faith    .   b - +0 kite shield
rNeg     . . .     Spirit   .   (helmet restricted)
rPois    .         Reflect  .   l - amulet of regeneration
rElec    .         Harm     .   (no ring)
rCorr    .         Rampage  .   (no ring)
Will     .....                  (no ring)
Stlth    +++++.....             (no ring)
HPRegen  0.62/turn              (no ring)
MPRegen  0.12/turn              (no ring)
                                (no ring)
                                (no ring)

@: gold aura
A: almost no armour, stealthy swim, amphibious, 8 rings, constrict 8, camouflage
1, agile 1, clever 1, cold resistance 1, gelatinous body 1
a: Renounce Religion, Potion Petition, Call Merchant, Bribe Branch


You were on level 9 of the Dungeon.
You worshipped Gozag.
Gozag was most pleased with you.
You visited 2 branches of the dungeon, and saw 10 of its levels.

You collected 1749 gold pieces.
You paid 606 gold pieces to Gozag.

Inventory:

Hand Weapons
 f - a +0 short sword
 u - a cursed +1 scimitar (weapon)
Missiles
 i - 27 poisoned darts (quivered)
Armour
 b - a +0 kite shield (worn)
Jewellery
 l - an amulet of regeneration (around mantle)
Wands
 h - a wand of flame (14)
 n - a wand of paralysis (6)
 r - a wand of random effects (15)
 w - a wand of disintegration (15)
 y - a wand of enslavement (10)
Scrolls
 a - 3 scrolls of enchant weapon
 d - 3 scrolls of teleportation
 g - a scroll of blinking
 j - a scroll of magic mapping
 p - a scroll of remove curse
 q - a scroll of immolation
 x - a scroll of fog
Potions
 c - 3 potions of might
 e - 4 potions of heal wounds
 k - 4 potions of curing
 m - 2 potions of brilliance
 o - a potion of resistance
 s - 3 potions of mutation
 t - 2 potions of magic {unknown}
 v - a potion of invisibility {unknown}


   Skills:
 + Level 6.0 Fighting
 * Level 10.1 Long Blades
 * Level 7.6 Dodging
 + Level 7.5 Stealth
 * Level 7.5 Shields
 + Level 5.1 Evocations


You had 10 spell levels left.
You didn't know any spells.
Your spell library contained the following spells:

 Spells                   Type           Power        Failure   Level
 Magic Dart               Conj           0%           65%         1
 Shock                    Conj/Air       0%           65%         1
 Searing Ray              Conj           0%           78%         2
 Swiftness                Air            0%           78%         2
 Dazzling Flash           Conj/Hex       0%           95%         3
 Static Discharge         Conj/Air       0%           95%         3
 Airstrike                Air            0%           100%        4
 Fulminant Prism          Conj/Hex       0%           100%        4
 Iskenderun's Mystic Bla  Conj/Tloc      0%           100%        4
 Lightning Bolt           Conj/Air       0%           100%        5


Dungeon Overview and Level Annotations

Branches:
Dungeon (9/15)             Temple (1/1) D:6            Lair (0/6) D:9
    Orc (0/2) D:9

Altars:
Ashenzari
Cheibriados
Dithmenos
Elyvilon
Fedhas
Gozag
Hepliaklqana
Kikubaaqudgha
Makhleb
Nemelex Xobeh
Okawaru
Qazlal
Ru
Sif Muna
Trog
Uskayaw
Vehumet
Wu Jian
Xom
Yredelemnul
Zin
The Shining One

Shops:
D:6 :


Innate Abilities, Weirdness & Mutations

You cannot wear most types of armour.
You are very stealthy in the water. (Stealth+)
You are amphibious.
You can wear up to eight rings at the same time.
You can use your tentacles to constrict eight enemies at once.
Your skin changes colour to match your surroundings (Stealth+).
Your rubbery body absorbs attacks. (AC +1, EV +1)
You are agile. (Dex +2)
Your mind is acute. (Int +2)
Your flesh is cold resistant. (rC+)


Message History

You throw a poisoned dart. The poisoned dart hits the orc warrior.
The orc warrior is poisoned.
The orc warrior is no longer distracted by gold.
The orc warrior shouts!
You block the orc warrior's attack.
The gnoll sergeant hits you from afar with a +2 vorpal spear!
You hit the orc warrior but do no damage.
Your grab misses the orc warrior. Your squeeze misses the orc warrior.
The orc warrior is lightly wounded.
The gnoll sergeant closely misses you. You block the orc warrior's attack.
You barely miss the orc warrior.
The orc shouts!
You grab the orc warrior.
The orc warrior is lightly wounded.
You constrict the orc warrior, but do no damage.
The gnoll sergeant hits you from afar with a +2 vorpal spear!
* * * LOW HITPOINT WARNING * * *
x2 The orc warrior hits you with a +2 vampiric glaive!!
You die...
Your body crumbles into a pile of gold.

###########
#..@o.....#
#.###g###.# #.# ..O8
###### #.#OgT.o#
.....### #.#g.O.o#
#......# #.#.ogo.#
#....#########.#8.o.8#
#.....#........#######
.........#####........


You could see an orc warrior (poisoned), an ogre, a gnoll sergeant and an orc.

Vanquished Creatures
  Pikel (D:5)
  An ugly thing (D:9)
  2 trolls (D:9)
  Prince Ribbit (D:5)
  Grinder (D:5)
  Sigmund (D:5)
  4 yaks (D:8)
  5 orc warriors
  2 sky beasts
  3 ice beasts
  A phantom (D:8)
  4 centaurs
  A necrophage (D:9)
  4 ogres
  2 wolves (D:9)
  2 lemures (D:5)
  A big kobold (D:9)
  2 bullfrogs
  A scorpion (D:8)
  11 killer bees
  4 jellies
  7 wights (D:7)
  3 electric eels (D:9)
  6 howler monkeys
  2 bullfrog zombies (D:5)
  A crimson imp (D:4)
  10 hounds
  An orc priest (D:8)
  3 orc wizards
  2 centaur skeletons
  5 iguanas
  2 worker ants
  A hound skeleton (D:4)
  A howler monkey skeleton (D:7)
  10 gnolls
  8 adders
  A shadow imp (D:9)
  3 oozes
  2 adder zombies
  A worm (D:4)
  A dart slug (D:1)
  2 leopard geckos
  27 orcs
  9 bats
  8 giant cockroaches
  9 goblins
  A hobgoblin (D:2)
  7 jackals
  9 kobolds
  4 quokkas
  3 frilled lizards
  4 rats
207 creatures vanquished.

Vanquished Creatures (others)
  3 plants (D:6)
3 creatures vanquished.

Grand Total: 210 creatures vanquished

Notes
Turn   | Place    | Note
-------+----------+-------------------------------------------
     0 | D:1      | Tirrikindir the Octopode Fighter began the quest for the
                  | Orb.
     0 | D:1      | Reached XP level 1. HP: 16/16 MP: 1/1
   134 | D:1      | Reached XP level 2. HP: 21/21 MP: 2/2
   163 | D:1      | Reached skill level 1 in Stealth
  1180 | D:2      | Reached XP level 3. HP: 18/26 MP: 3/3
  1421 | D:2      | Found an iron altar of Okawaru.
  1483 | D:2      | Reached XP level 4. HP: 23/31 MP: 4/4
  1607 | D:2      | Reached skill level 3 in Long Blades
  1639 | D:2      | Found a glowing golden altar of the Shining One.
  1954 | D:2      | Found an opulent altar of Gozag.
  1963 | D:2      | Became a worshipper of Gozag Ym Sagoz the Greedy
  2357 | D:3      | Gained mutation: You tend to lose your temper in combat.
                  | [potion of mutation]
  2357 | D:3      | Gained mutation: Your mind is acute. (Int +2) [potion of
                  | mutation]
  2357 | D:3      | Gained mutation: Your mind is very acute. (Int +4) [potion
                  | of mutation]
  2386 | D:3      | Reached XP level 5. HP: 36/36 MP: 5/5
  2418 | D:3      | Found a bloodstained altar of Trog.
  2453 | D:3      | Found a hazy altar of Hepliaklqana.
  2681 | D:3      | Found a hide-covered altar of Uskayaw.
  3061 | D:4      | Reached XP level 6. HP: 30/43 MP: 6/6
  3210 | D:4      | Reached skill level 4 in Long Blades
  3287 | D:4      | Found a burning altar of Makhleb.
  3463 | D:4      | Lost mutation: You tend to lose your temper in combat.
                  | [potion of mutation]
  3463 | D:4      | Lost mutation: Your mind is very acute. (Int +4) [potion of
                  | mutation]
  3463 | D:4      | Gained mutation: Your flesh is cold resistant. (rC+)
                  | [potion of mutation]
  3463 | D:4      | Gained mutation: You are agile. (Dex +2) [potion of
                  | mutation]
  3519 | D:5      | Entered Level 5 of the Dungeon
  3553 | D:5      | Noticed Sigmund
  3561 | D:5      | Killed Sigmund
  3562 | D:5      | Reached skill level 5 in Long Blades
  3562 | D:5      | Reached skill level 1 in Evocations
  3562 | D:5      | Reached XP level 7. HP: 29/48 MP: 7/7
  3707 | D:5      | Found an ornate altar of the Wu Jian Council.
  3733 | D:5      | Noticed Pikel
  3753 | D:5      | Killed Pikel
  3754 | D:5      | Reached skill level 7 in Long Blades
  3754 | D:5      | Reached XP level 8. HP: 31/54 MP: 8/8
  3846 | D:5      | Reached skill level 8 in Long Blades
  4090 | D:5      | Noticed Grinder
  4096 | D:5      | Paralysed by Grinder for 2 turns
  4102 | D:5      | Killed Grinder
  4524 | D:5      | Noticed Prince Ribbit
  4591 | D:5      | Found a snail-covered altar of Cheibriados.
  4593 | D:5      | Found a white marble altar of Elyvilon.
  4847 | D:5      | Killed Prince Ribbit
  4848 | D:5      | Reached XP level 9. HP: 32/59 MP: 9/9
  5099 | D:6      | Found a stormy altar of Qazlal.
  5258 | D:6      | Reached skill level 5 in Dodging
  5313 | D:6      | Reached skill level 5 in Stealth
  5313 | D:6      | Reached skill level 5 in Shields
  5597 | D:6      | Found a staircase to the Ecumenical Temple.
  5616 | Temple   | Entered the Ecumenical Temple
  6214 | D:7      | Found a basalt altar of Yredelemnul.
  6283 | D:7      | Reached skill level 9 in Long Blades
  6394 | D:7      | Reached skill level 5 in Fighting
  7324 | D:8      | Reached XP level 10. HP: 41/66 MP: 10/10
  8592 | D:9      | Found a staircase to the Lair.
  8719 | D:9      | Reached skill level 10 in Long Blades
  8820 | D:9      | Found a broken altar of Ashenzari.
  8830 | D:9      | Noticed a purple ugly thing
  8845 | D:9      | Killed a purple ugly thing
  8846 | D:9      | Reached skill level 5 in Evocations
  8846 | D:9      | Reached XP level 11. HP: 52/72 MP: 11/11
  8925 | D:9      | Found a staircase to the Orcish Mines.
  8947 | D:9      | Slain by an orc warrior

Illustrated notes

Levels and vault maps discovered:
D:1:      matt_arrival_diagonals, layout_basic, serial_corexii_hall,
          corexii_hall_statues_x, corexii_hall_statues_t
D:2:      layout_loops_ring, okawaru_trees_1, tso_metal_star,
          nicolae_gozag_seed_capital
D:3:      layout_rooms, marbit_many_paths, lemuel_coloured_pillars_altar,
          old_standard_altar
D:4:      layout_cave_pools, makhleb_grotto_becter,
          chequers_serial_rivers_micro_b, chequers_serial_rivers_micro_e,
          kennysheep_generic_room_15
D:5:      layout_basic, chequers_temple_overflow_statue_of_worship,
          nzn_wu_jian_council_hall, nicolae_underground_beach, uniq_sigmund,
          uniq_prince_ribbit1, uniq_grinder, uniq_pikel
D:6:      layout_loops_corners, lemuel_doored_altar,
          minmay_temple_entry_overgrown
D:7:      layout_cave_pods, lemuel_crystal_altar
D:8:      layout_loops_cross
D:9:      layout_cave_pools, nicolae_overflow_crystal_walls, erik_lair_island,
          kennysheep_orc_monster_closet_entryway
Temple:   kb_temple_of_zot

Skill      XL: |  1  2  3  4  5  6  7  8  9 10 11 |
---------------+----------------------------------+-----
Stealth        | 1 2 3 4 6 7 |  7.5
Long Blades    | 3 5 7 8 9 10 | 10.1
Shields        | 4 6 7 |  7.5
Fighting       | 4 5 6 |  6.0
Dodging        | 4 6 7 |  7.6
Evocations     | 1 2 4 5 |  5.1

Action                   |  1- 3 |  4- 6 |  7- 9 | 10-12 || total
-------------------------+-------+-------+-------+-------++-------
Melee: Long sword        |    49 |    99 |   132 |       ||   280
       Constrict         |    17 |    32 |    50 |    40 ||   139
       Tentacles         |     7 |    27 |    57 |    49 ||   140
       Scimitar          |       |       |    77 |   169 ||   246
Throw: Dart              |       |     4 |     9 |     4 ||    17
Invok: Call Merchant     |       |       |     1 |       ||     1
Evoke: Wand              |       |       |     1 |     3 ||     4
  Use: Scroll            |       |    13 |     4 |     1 ||    18
       Potion            |       |     2 |     1 |       ||     3
 Stab: Sleeping          |     7 |     6 |    10 |     6 ||    29
       Distracted        |       |       |     1 |     1 ||     2
Armor: Skin              |     6 |     3 |     7 |     5 ||    21
Dodge: Dodged            |    19 |    43 |    96 |    94 ||   252
Block: Kite shield       |    26 |    55 |    84 |   112 ||   277
       Rpst.: Long sword |     9 |    12 |    19 |       ||    40
       Scimitar          |       |       |     9 |    24 ||    33
